WCHLSIM.com - West Coast Hockey League
html PUBLIC "-//W3C//DTD XHTML 1.0 Transitional//EN" "http://www.w3.org/TR/xhtml1/DTD/xhtml1-transitional.dtd"> WCHL - Game 105 - RENO LIONS vs LONG BEACH BARACUDAS

RENO LIONS vs LONG BEACH BARACUDAS

Created - 27 octobre 2021 at 20:55

Goals
1 2 3 T
RENO LIONS 0 2 2 4
LONG BEACH BARACUDAS 0 0 1 1
Shots
1 2 3 T
RENO LIONS 10 11 9 30
LONG BEACH BARACUDAS 5 3 8 16

1st period

No Goal

Penalties :
Trevor van Riemsdyk (LOB) for Diving (Minor) at 0:58, Callan Foote (LOB) for Hooking (Minor) at 2:44, Trevor van Riemsdyk (LOB) for High sticking (Minor) at 11:48, Robert Fabbri (LOB) for Tripping (Minor) at 14:08

2nd period

1. RENO LIONS , Elias Pettersson 1 (Cam Atkinson 2, Blake Coleman 2) at 1:18
2. RENO LIONS , Cam Atkinson 4 (Blake Coleman 3, Ethan Bear 2) at 17:17

Penalties :
Kirill Kaprizov (REN) for Slashing (Double Minor) at 6:10

3rd period

3. LONG BEACH BARACUDAS , Brock Nelson 2 (Taylor Hall 5) at 11:21
4. RENO LIONS , Cam Atkinson 5 (Elias Pettersson 6, Evgeny Dadonov 3) at 16:52 (PP)
5. RENO LIONS , Kirill Kaprizov 2 (Elias Pettersson 7, Justin Schultz 3) at 18:45 (PP)

Penalties :
Jake Gardiner (LOB) for Interference (Minor) at 4:14, Michael Del Zotto (LOB) for Interference (Minor) at 6:24, Evgeny Dadonov (REN) for Holding (Minor) at 6:24, Callan Foote (LOB) for Roughing (Double Minor) at 14:54

Goalie Stats

Elvis Merzlikins (REN), 15 saves from 16 shots - (0,938), W, 5-1-0, 60:00 minutes
Jake Oettinger (LOB), 26 saves from 30 shots - (0,867), L, 1-1-0, 60:00 minutes

Players Stats for RENO LIONS

Player Name              G  A  P  +/- PIM S  H  SB GA TA FO     MP     PP MP  PK MP  
------------------------------------------------------------------------------------
Anders Lee               0  0  0  -1  0   4  2  0  0  0  0/1    24:11   6:06   2:03 
Blake Coleman            0  2  2   2  0   2  1  1  0  0  0/0    19:40   5:50   1:28 
Cam Atkinson             2  1  3   2  0   5  1  0  0  0  0/2    20:42   7:27   0:00 
Elias Pettersson         1  2  3   2  0   4  0  0  0  0  12/23  19:49   7:27   0:00 
Ethan Bear               0  1  1   1  0   1  0  2  0  0  0/0    18:28   1:40   1:47 
Evgeny Dadonov           0  1  1   0  2   0  0  0  0  0  1/2    10:36   0:52   0:28 
Jacob Trouba             0  0  0   0  0   0  0  0  0  0  0/0    22:32   5:57   1:28 
Justin Schultz           0  1  1   1  0   1  0  1  0  0  0/0    23:36   7:00   1:18 
Juuso Valimaki           0  0  0   0  0   1  0  2  0  0  0/0    18:26   5:23   1:48 
Kirill Kaprizov          1  0  1  -1  4   4  1  0  0  0  0/0    23:20   6:13   0:00 
Leo Komarov              0  0  0   0  0   2  0  0  0  0  3/3     3:16   0:00   0:28 
Oliver Ekman-Larsson     0  0  0   0  0   0  0  1  0  0  0/0    23:46   6:30   1:21 
Pierre-Luc Dubois        0  0  0   0  0   3  0  0  0  0  0/2    10:23   0:00   0:00 
Robert Hagg              0  0  0   0  0   0  4  0  0  0  0/0    13:12   0:36   0:16 
Tomas Nosek              0  0  0   0  0   1  0  0  0  0  6/12   10:45   0:00   1:28 
Tyler Benson             0  0  0   0  0   0  0  0  0  0  0/0     3:41   0:00   0:00 
Vincent Hinostroza       0  0  0   0  0   0  0  0  0  0  0/0     3:26   0:38   0:00 
William Karlsson         0  0  0  -1  0   2  0  0  0  0  19/23  24:11   6:06   2:03 

Players Stats for LONG BEACH BARACUDAS

Player Name              G  A  P  +/- PIM S  H  SB GA TA FO     MP     PP MP  PK MP  
------------------------------------------------------------------------------------
Alex Pietrangelo         0  0  0   0  0   1  0  3  0  0  0/0    22:08   0:25   7:45 
Alexandre Texier         0  0  0   0  0   0  1  0  0  0  0/0     5:02   0:25   0:06 
Brock Nelson             1  0  1   1  0   1  0  0  0  0  9/20   16:48   1:32   0:00 
Callan Foote             0  0  0  -1  6   0  4  0  0  0  0/0    15:53   0:59   3:45 
Derek Stepan             0  0  0   0  0   0  3  1  0  0  6/18   15:14   0:00   7:02 
J.T. Compher             0  0  0   0  0   2  2  0  0  0  0/0    17:14   2:02   6:58 
Jaden Schwartz           0  0  0  -2  0   1  0  0  0  0  0/0    16:29   2:02   0:00 
Jake Gardiner            0  0  0  -1  2   0  0  0  0  0  0/0    14:23   1:28   1:13 
Jakub Voracek            0  0  0  -2  0   1  0  0  0  0  1/1    15:59   1:32   0:00 
Jared Spurgeon           0  0  0   0  0   0  0  3  0  0  0/0    22:45   0:00   5:58 
Joshua Norris            0  0  0  -2  0   1  0  0  0  0  4/12   15:59   1:32   0:00 
Max Domi                 0  0  0   0  0   0  0  0  0  0  2/2    10:36   1:08   0:00 
Michael Del Zotto        0  0  0   0  2   1  1  2  0  0  0/0    21:03   1:32   5:17 
Patrick Marleau          0  0  0   0  0   0  0  0  0  0  0/0     9:11   0:25   6:12 
Robert Fabbri            0  0  0   1  2   5  2  0  0  0  0/1    16:34   1:19   0:00 
Taylor Hall              0  1  1   1  0   2  0  0  0  0  0/0    16:58   1:32   0:10 
Trevor van Riemsdyk      0  0  0   0  4   0  1  1  0  0  0/0    20:08   0:00   3:07 
Victor Rask              0  0  0   0  0   1  0  0  0  0  5/14   11:44   2:02   6:25 

3 Stars

1 - Cam Atkinson (REN)
2 - Elias Pettersson (REN)
3 - Blake Coleman (REN)

Power Play

RENO LIONS - 2 on 7 Attempt(s) - 28,57%
LONG BEACH BARACUDAS - 0 on 2 Attempt(s) - 0,00%

Penalty Kill

RENO LIONS - 2 on 2 Attempt(s) - 100,00% - Score 0 goal in Penalty Kill
LONG BEACH BARACUDAS - 5 on 7 Attempt(s) - 71,43% - Score 0 goal in Penalty Kill

Team Stat

RENO LIONS - Hits : 9 - Faceoff Wins : 41 - Blocked Shots : 7 - Penalty Minutes : 6
LONG BEACH BARACUDAS - Hits : 14 - Faceoff Wins : 27 - Blocked Shots : 10 - Penalty Minutes : 16

Official

Referees : Gord Dwyer and Tim Mayer
Linesman : Steven Berry and Trent Knorr

Game Notes

No Game Note

Finance

Level 1 -- Attendance: 5843 (82,30%) -- Ticket Income 1 174 443 $
Level 2 -- Attendance: 5643 (95,24%) -- Ticket Income 654 588 $
Level 3 -- Attendance: 1959 (48,37%) -- Ticket Income 201 777 $
Level 4 -- Attendance: 5637 (85,73%) -- Ticket Income 310 035 $
Luxury Box -- Attendance: 895 (66,30%) -- Ticket Income 281 925 $
Game was played at the MONSTER ENERGY CENTER.
Total Attendance: 19977 (79,91%)
Total Ticket Income: 2 622 768 $
Other Expense: 26 228 $
Total Income: 2 596 540 $

RENO LIONS

5 vs 5 Forward 
   Center                   Left Wing                Right Wing               Time % Phy DF OF 
 1 William Karlsson         Anders Lee               Kirill Kaprizov          40     1   1  3  
 2 Elias Pettersson         Blake Coleman            Cam Atkinson             35     1   1  3  
 3 Tomas Nosek              Pierre-Luc Dubois        Evgeny Dadonov           20     1   2  2  
 4 Leo Komarov              Tyler Benson             Vincent Hinostroza       5      1   2  2  

5 vs 5 Defense 
   Defense                  Defense                                           Time % Phy DF OF 
 1 Jacob Trouba             Oliver Ekman-Larsson                              36     1   1  3  
 2 Justin Schultz           Ethan Bear                                        36     1   2  2  
 3 Juuso Valimaki           Robert Hagg                                       23     1   2  2  
 4 Jacob Trouba             Oliver Ekman-Larsson                              5      1   2  2  

PowerPlay Forward 
   Center                   Left Wing                Right Wing               Time % Phy DF OF 
 1 Elias Pettersson         Kirill Kaprizov          Cam Atkinson             55     1   0  4  
 2 William Karlsson         Anders Lee               Blake Coleman            45     1   0  4  

PowerPlay Defense
   Defense                  Defense                                           Time % Phy DF OF 
 1 Justin Schultz           Oliver Ekman-Larsson                              55     0   1  4  
 2 Jacob Trouba             Juuso Valimaki                                    45     0   1  4  

Penalty Kill 4 Players Forward 
   Center                   Wing                     Time % Phy DF OF 
 1 William Karlsson         Anders Lee               55     1   3  1  
 2 Tomas Nosek              Blake Coleman            45     1   3  1  

Penalty Kill 4 Players Defense
   Defense                  Defense                  Time % Phy DF OF 
 1 Jacob Trouba             Justin Schultz           55     1   3  1  
 2 Ethan Bear               Juuso Valimaki           45     1   3  1  

Penalty Kill - 3 Players Forward 
   Forward                                           Time % Phy DF OF 
 1 Blake Coleman                                     55     0   5  0  
 2 Elias Pettersson                                  45     0   5  0  

Penalty Kill - 3 Players Defense
   Defense                  Defense                  Time % Phy DF OF 
 1 Jacob Trouba             Justin Schultz           55     0   5  0  
 2 Ethan Bear               Juuso Valimaki           45     0   5  0  

4 vs 4 Forward 
   Center                   Wing                     Time % Phy DF OF 
 1 Pierre-Luc Dubois        Evgeny Dadonov           60     1   2  2  
 2 Leo Komarov              Vincent Hinostroza       40     1   2  2  

4 vs 4 Defense
   Defense                  Defense                  Time % Phy DF OF 
 1 Robert Hagg              Oliver Ekman-Larsson     60     1   2  2  
 2 Ethan Bear               Justin Schultz           40     1   2  2  

Last Minutes Offensive
   Center                   Left Wing                Right Wing               Defense                  Defense                  
   William Karlsson         Kirill Kaprizov          Cam Atkinson             Oliver Ekman-Larsson     Justin Schultz           

Last Minutes Defensive
   Center                   Left Wing                Right Wing               Defense                  Defense                  
   William Karlsson         Anders Lee               Blake Coleman            Jacob Trouba             Justin Schultz           

Goaltenders
Starting : Elvis Merzlikins         
Backup : Jaroslav Halak           

Extra Forwards
Normal : Kirill Kaprizov, Cam Atkinson, Tyler Benson - PP : Kirill Kaprizov, Cam Atkinson - PK : Evgeny Dadonov
Extra Defensemen
Normal : Oliver Ekman-Larsson, Ethan Bear, Robert Hagg - PP : Juuso Valimaki - PK : Jacob Trouba, Justin Schultz
Penalty Shots
Kirill Kaprizov, Cam Atkinson, Elias Pettersson, William Karlsson, Anders Lee
Custom OT Lines Forwards
William Karlsson, Anders Lee, Kirill Kaprizov, Blake Coleman, Cam Atkinson, Elias Pettersson, Pierre-Luc Dubois, Tomas Nosek, Evgeny Dadonov, Leo Komarov
Custom OT Lines Defensemen
Jacob Trouba, Oliver Ekman-Larsson, Justin Schultz, Ethan Bear, Juuso Valimaki

Scratches
None

LONG BEACH BARACUDAS

5 vs 5 Forward 
   Center                   Left Wing                Right Wing               Time % Phy DF OF 
 1 Brock Nelson             Taylor Hall              Robert Fabbri            34     0   1  4  
 2 Joshua Norris            Jaden Schwartz           Jakub Voracek            34     0   2  3  
 3 Derek Stepan             Max Domi                 J.T. Compher             22     0   3  2  
 4 Victor Rask              Patrick Marleau          Alexandre Texier         10     0   3  2  

5 vs 5 Defense 
   Defense                  Defense                                           Time % Phy DF OF 
 1 Alex Pietrangelo         Trevor van Riemsdyk                               36     0   2  3  
 2 Jared Spurgeon           Michael Del Zotto                                 31     0   2  3  
 3 Jake Gardiner            Callan Foote                                      23     0   3  2  
 4 Trevor van Riemsdyk      Jared Spurgeon                                    10     1   2  2  

PowerPlay Forward 
   Center                   Left Wing                Right Wing               Time % Phy DF OF 
 1 Victor Rask              Jaden Schwartz           Robert Fabbri            55     0   1  4  
 2 Brock Nelson             Taylor Hall              Jakub Voracek            45     0   1  4  

PowerPlay Defense
   Defense                  Defense                                           Time % Phy DF OF 
 1 Michael Del Zotto        Joshua Norris                                     55     0   1  4  
 2 Jake Gardiner            J.T. Compher                                      45     0   1  4  

Penalty Kill 4 Players Forward 
   Center                   Wing                     Time % Phy DF OF 
 1 Derek Stepan             J.T. Compher             55     0   4  1  
 2 Victor Rask              Patrick Marleau          45     0   4  1  

Penalty Kill 4 Players Defense
   Defense                  Defense                  Time % Phy DF OF 
 1 Alex Pietrangelo         Michael Del Zotto        55     0   5  0  
 2 Callan Foote             Jared Spurgeon           45     0   5  0  

Penalty Kill - 3 Players Forward 
   Forward                                           Time % Phy DF OF 
 1 Victor Rask                                       55     0   5  0  
 2 Derek Stepan                                      45     0   5  0  

Penalty Kill - 3 Players Defense
   Defense                  Defense                  Time % Phy DF OF 
 1 Alex Pietrangelo         Jared Spurgeon           55     0   5  0  
 2 Callan Foote             Michael Del Zotto        45     0   5  0  

4 vs 4 Forward 
   Center                   Wing                     Time % Phy DF OF 
 1 Max Domi                 J.T. Compher             55     0   2  3  
 2 Victor Rask              Alexandre Texier         45     0   2  3  

4 vs 4 Defense
   Defense                  Defense                  Time % Phy DF OF 
 1 Trevor van Riemsdyk      Jake Gardiner            55     0   3  2  
 2 Callan Foote             Michael Del Zotto        45     0   3  2  

Last Minutes Offensive
   Center                   Left Wing                Right Wing               Defense                  Defense                  
   Joshua Norris            Taylor Hall              Jakub Voracek            Alex Pietrangelo         Jared Spurgeon           

Last Minutes Defensive
   Center                   Left Wing                Right Wing               Defense                  Defense                  
   J.T. Compher             Jaden Schwartz           Alexandre Texier         Alex Pietrangelo         Trevor van Riemsdyk      

Goaltenders
Starting : Jake Oettinger           
Backup : Martin Jones             

Extra Forwards
Normal : Max Domi, Robert Fabbri, Alexandre Texier - PP : Max Domi, J.T. Compher - PK : Patrick Marleau
Extra Defensemen
Normal : Jake Gardiner, Trevor van Riemsdyk, Callan Foote - PP : Jake Gardiner - PK : Trevor van Riemsdyk, Callan Foote
Penalty Shots
Jakub Voracek, Taylor Hall, Brock Nelson, Jaden Schwartz, Robert Fabbri
Custom OT Lines Forwards
Jakub Voracek, Taylor Hall, Brock Nelson, Jaden Schwartz, J.T. Compher, Joshua Norris, Robert Fabbri, Derek Stepan, Patrick Marleau, Victor Rask
Custom OT Lines Defensemen
Alex Pietrangelo, Jared Spurgeon, Callan Foote, Michael Del Zotto, Jake Gardiner

Scratches
P.K. Subban (Torso Injury)

% Time on Ice - RENO LIONS

Lines # - Real PCT - Wanted PCT - Time Play
Normal Forward
1 - 40% - 40% - 16:02
2 - 31% - 35% - 12:22
3 - 23% - 20% - 9:17
4 - 7% - 5% - 2:48
Normal Defense
1 - 40% - 36% - 16:05
2 - 31% - 36% - 12:43
3 - 29% - 23% - 11:41
4 - 0% - 5% - 0:00
PP Forward
1 - 55% - 55% - 7:27
2 - 45% - 45% - 6:06
PP Defense
1 - 56% - 55% - 7:36
2 - 44% - 45% - 5:57
PK Forward
1 - 63% - 55% - 2:31
2 - 37% - 45% - 1:28
PK Defense
1 - 55% - 55% - 2:12
2 - 45% - 45% - 1:47
PK3 Forward
1 - 0% - 55%
2 - 0% - 45%
PK3 Defense
1 - 0% - 55%
2 - 0% - 45%
44 Forward
1 - 100% - 60% - 1:59
2 - 0% - 40% - 0:00
44 Defense
1 - 33% - 60% - 0:39
2 - 67% - 40% - 1:20
Last Minute Offensive  - 0:00
Last Minute Defensive  - 0:00
Total
Forward - 60:00
Defense - 60:00

% Time on Ice - LONG BEACH BARACUDAS

Lines # - Real PCT - Wanted PCT - Time Play
Normal Forward
1 - 38% - 34% - 15:16
2 - 36% - 34% - 14:27
3 - 20% - 22% - 8:12
4 - 6% - 10% - 2:34
Normal Defense
1 - 33% - 36% - 13:15
2 - 35% - 31% - 14:15
3 - 26% - 23% - 10:27
4 - 6% - 10% - 2:32
PP Forward
1 - 51% - 55% - 2:02
2 - 49% - 45% - 1:57
PP Defense
1 - 49% - 55% - 1:57
2 - 51% - 45% - 2:02
PK Forward
1 - 54% - 55% - 7:08
2 - 47% - 45% - 6:12
PK Defense
1 - 45% - 55% - 5:58
2 - 55% - 45% - 7:22
PK3 Forward
1 - 100% - 55% - 0:13
2 - 0% - 45% - 0:00
PK3 Defense
1 - 100% - 55% - 0:13
2 - 0% - 45% - 0:00
44 Forward
1 - 64% - 55% - 1:16
2 - 36% - 45% - 0:43
44 Defense
1 - 64% - 55% - 1:16
2 - 36% - 45% - 0:43
Last Minute Offensive  - 0:00
Last Minute Defensive  - 0:00
Total
Forward - 60:00
Defense - 60:00

Play-by-Play

1st period


0:01 of 1st period - William Karlsson wins face-off versus Brock Nelson in neutral zone.
0:43 of 1st period - Shot by Kirill Kaprizov.
0:43 of 1st period - Shot Misses the Net.
0:58 of 1st period - Minor Penalty to Trevor van Riemsdyk for Diving.
0:59 of 1st period - Derek Stepan wins face-off versus Elias Pettersson in LONG BEACH BARACUDAS zone.
1:07 of 1st period - Icing by Kirill Kaprizov.
1:08 of 1st period - Derek Stepan wins face-off versus Elias Pettersson in RENO LIONS zone.
1:25 of 1st period - Justin Schultz is hit by Derek Stepan and loses puck.
1:35 of 1st period - Icing by Justin Schultz.
1:36 of 1st period - Victor Rask wins face-off versus Elias Pettersson in RENO LIONS zone.
1:39 of 1st period - Shot by Patrick Marleau.
1:39 of 1st period - Shot Misses the Net.
2:44 of 1st period - Minor Penalty to Callan Foote for Hooking.
2:45 of 1st period - William Karlsson wins face-off versus Victor Rask in LONG BEACH BARACUDAS zone.
3:42 of 1st period - Shot by Evgeny Dadonov.
3:42 of 1st period - Shot Misses the Net.
3:46 of 1st period - Shot by Elias Pettersson.
3:46 of 1st period - Stopped by Jake Oettinger without a rebound.
3:47 of 1st period - William Karlsson wins face-off versus Victor Rask in LONG BEACH BARACUDAS zone.
4:23 of 1st period - Off-side.
4:24 of 1st period - Derek Stepan wins face-off versus Elias Pettersson in neutral zone.
4:46 of 1st period - Evgeny Dadonov is hit by Callan Foote and loses puck.
5:00 of 1st period - Icing by Joshua Norris.
5:01 of 1st period - Leo Komarov wins face-off versus Joshua Norris in LONG BEACH BARACUDAS zone.
5:18 of 1st period - Shot by Joshua Norris.
5:18 of 1st period - Shot Misses the Net.
5:55 of 1st period - Icing by Jaden Schwartz.
5:56 of 1st period - Joshua Norris wins face-off versus Cam Atkinson in LONG BEACH BARACUDAS zone.
5:56 of 1st period - Joshua Norris is hit by Blake Coleman.
6:21 of 1st period - Cam Atkinson is hit by Callan Foote.
7:05 of 1st period - J.T. Compher is hit by Anders Lee and loses puck.
7:16 of 1st period - William Karlsson is hit by J.T. Compher and loses puck.
7:43 of 1st period - Shot by Max Domi.
7:43 of 1st period - Shot Blocked by Ethan Bear.
8:09 of 1st period - Shot by Robert Fabbri.
8:09 of 1st period - Stopped by Elvis Merzlikins without a rebound.
8:10 of 1st period - Elias Pettersson wins face-off versus Victor Rask in RENO LIONS zone.
8:30 of 1st period - Off-side.
8:31 of 1st period - Tomas Nosek wins face-off versus Brock Nelson in neutral zone.
9:11 of 1st period - Shot by Taylor Hall.
9:11 of 1st period - Stopped by Elvis Merzlikins with a rebound.
9:13 of 1st period - Shot by Taylor Hall.
9:13 of 1st period - Stopped by Elvis Merzlikins without a rebound.
9:14 of 1st period - Elias Pettersson wins face-off versus Derek Stepan in RENO LIONS zone.
9:14 of 1st period - Elias Pettersson is hit by Derek Stepan.
9:53 of 1st period - Shot by Max Domi.
9:53 of 1st period - Shot Misses the Net.
9:55 of 1st period - Shot by J.T. Compher.
9:55 of 1st period - Shot Misses the Net.
9:57 of 1st period - Shot by J.T. Compher.
9:57 of 1st period - Stopped by Elvis Merzlikins without a rebound.
9:58 of 1st period - William Karlsson wins face-off versus Brock Nelson in RENO LIONS zone.
10:52 of 1st period - Icing by Jared Spurgeon.
10:53 of 1st period - Brock Nelson wins face-off versus Elias Pettersson in LONG BEACH BARACUDAS zone.
11:03 of 1st period - Icing by Oliver Ekman-Larsson.
11:04 of 1st period - Jakub Voracek wins face-off versus Elias Pettersson in RENO LIONS zone.
11:48 of 1st period - Minor Penalty to Trevor van Riemsdyk for High sticking.
11:49 of 1st period - William Karlsson wins face-off versus Derek Stepan in LONG BEACH BARACUDAS zone.
11:50 of 1st period - Shot by Blake Coleman.
11:50 of 1st period - Deflect By Anders Lee.
11:50 of 1st period - Shot Blocked by Jared Spurgeon.
12:02 of 1st period - Shot by Anders Lee.
12:02 of 1st period - Deflect By William Karlsson.
12:02 of 1st period - Stopped by Jake Oettinger with a rebound.
12:04 of 1st period - Shot by Anders Lee.
12:04 of 1st period - Shot Blocked by Derek Stepan.
12:48 of 1st period - Shot by Kirill Kaprizov.
12:48 of 1st period - Shot Misses the Net.
14:08 of 1st period - Minor Penalty to Robert Fabbri for Tripping.
14:09 of 1st period - Derek Stepan wins face-off versus Elias Pettersson in LONG BEACH BARACUDAS zone.
14:31 of 1st period - Shot by Cam Atkinson.
14:31 of 1st period - Shot Misses the Net.
14:33 of 1st period - Shot by Kirill Kaprizov.
14:33 of 1st period - Stopped by Jake Oettinger without a rebound.
14:34 of 1st period - William Karlsson wins face-off versus Derek Stepan in LONG BEACH BARACUDAS zone.
14:39 of 1st period - Shot by Anders Lee.
14:39 of 1st period - Stopped by Jake Oettinger with a rebound.
14:41 of 1st period - Shot by Juuso Valimaki.
14:41 of 1st period - Shot Misses the Net.
14:43 of 1st period - Shot by Juuso Valimaki.
14:43 of 1st period - Stopped by Jake Oettinger with a rebound.
15:08 of 1st period - Icing by William Karlsson.
15:09 of 1st period - William Karlsson wins face-off versus Derek Stepan in RENO LIONS zone.
15:42 of 1st period - Shot by Elias Pettersson.
15:42 of 1st period - Stopped by Jake Oettinger without a rebound.
15:43 of 1st period - Elias Pettersson wins face-off versus Derek Stepan in LONG BEACH BARACUDAS zone.
16:14 of 1st period - Shot by Pierre-Luc Dubois.
16:14 of 1st period - Stopped by Jake Oettinger without a rebound.
16:15 of 1st period - Tomas Nosek wins face-off versus Joshua Norris in LONG BEACH BARACUDAS zone.
16:15 of 1st period - Tomas Nosek is hit by Callan Foote.
16:29 of 1st period - Off-side.
16:30 of 1st period - Brock Nelson wins face-off versus William Karlsson in neutral zone.
16:54 of 1st period - Shot by Kirill Kaprizov.
16:54 of 1st period - Deflect By Anders Lee.
16:54 of 1st period - Shot Misses the Net.
17:25 of 1st period - Shot by Cam Atkinson.
17:25 of 1st period - Stopped by Jake Oettinger with a rebound.
17:27 of 1st period - Shot by Blake Coleman.
17:27 of 1st period - Stopped by Jake Oettinger without a rebound.
17:28 of 1st period - Elias Pettersson wins face-off versus Joshua Norris in LONG BEACH BARACUDAS zone.
18:37 of 1st period - Shot by Tomas Nosek.
18:37 of 1st period - Stopped by Jake Oettinger without a rebound.
18:38 of 1st period - William Karlsson wins face-off versus Victor Rask in LONG BEACH BARACUDAS zone.
18:46 of 1st period - Icing by Trevor van Riemsdyk.
18:47 of 1st period - William Karlsson wins face-off versus Victor Rask in LONG BEACH BARACUDAS zone.
18:48 of 1st period - Shot by Kirill Kaprizov.
18:48 of 1st period - Shot Misses the Net.
19:11 of 1st period - Alex Pietrangelo is hit by Robert Hagg and loses puck.
19:59 of 1st period - Shot by Joshua Norris.
19:59 of 1st period - Stopped by Elvis Merzlikins without a rebound.
Goals for this period are 0 for RENO LIONS vs 0 for LONG BEACH BARACUDAS.
Shots for this period are 10 for RENO LIONS vs 5 for LONG BEACH BARACUDAS.

2nd period


0:01 of 2nd period - Elias Pettersson wins face-off versus Derek Stepan in neutral zone.
0:23 of 2nd period - Icing by Alex Pietrangelo.
0:24 of 2nd period - William Karlsson wins face-off versus Derek Stepan in LONG BEACH BARACUDAS zone.
0:42 of 2nd period - Icing by Oliver Ekman-Larsson.
0:43 of 2nd period - William Karlsson wins face-off versus Brock Nelson in RENO LIONS zone.
0:50 of 2nd period - Shot by William Karlsson.
0:50 of 2nd period - Stopped by Jake Oettinger with a rebound.
0:52 of 2nd period - Shot by Anders Lee.
0:52 of 2nd period - Shot Misses the Net.
0:54 of 2nd period - Shot by William Karlsson.
0:54 of 2nd period - Shot Blocked by Jared Spurgeon.
0:56 of 2nd period - Shot by Anders Lee.
0:56 of 2nd period - Stopped by Jake Oettinger without a rebound.
0:57 of 2nd period - Elias Pettersson wins face-off versus Joshua Norris in LONG BEACH BARACUDAS zone.
1:02 of 2nd period - Shot by Cam Atkinson.
1:02 of 2nd period - Shot Misses the Net.
1:04 of 2nd period - Shot by Cam Atkinson.
1:04 of 2nd period - Shot Misses the Net.
1:16 of 2nd period - Shot by Elias Pettersson.
1:16 of 2nd period - Deflect By Cam Atkinson.
1:16 of 2nd period - Stopped by Jake Oettinger with a rebound.
1:18 of 2nd period - Shot by Elias Pettersson.
1:18 of 2nd period - Goal by Elias Pettersson - RENO LIONS : 1 - LONG BEACH BARACUDAS : 0.
1:19 of 2nd period - William Karlsson wins face-off versus Brock Nelson in neutral zone.
1:22 of 2nd period - Shot by Kirill Kaprizov.
1:22 of 2nd period - Shot Misses the Net.
1:24 of 2nd period - Shot by Kirill Kaprizov.
1:24 of 2nd period - Shot Misses the Net.
1:28 of 2nd period - Shot by Anders Lee.
1:28 of 2nd period - Stopped by Jake Oettinger without a rebound.
1:29 of 2nd period - Brock Nelson wins face-off versus Elias Pettersson in LONG BEACH BARACUDAS zone.
2:56 of 2nd period - Shot by Kirill Kaprizov.
2:56 of 2nd period - Shot Blocked by Jared Spurgeon.
2:58 of 2nd period - Shot by Kirill Kaprizov.
2:58 of 2nd period - Stopped by Jake Oettinger with a rebound.
3:04 of 2nd period - Shot by Kirill Kaprizov.
3:04 of 2nd period - Deflect By William Karlsson.
3:04 of 2nd period - Shot Misses the Net.
4:49 of 2nd period - Icing by Alex Pietrangelo.
4:50 of 2nd period - Elias Pettersson wins face-off versus Robert Fabbri in LONG BEACH BARACUDAS zone.
5:25 of 2nd period - Shot by Elias Pettersson.
5:25 of 2nd period - Shot Misses the Net.
6:10 of 2nd period - Double Minor Penalty to Kirill Kaprizov for Slashing.
6:11 of 2nd period - William Karlsson wins face-off versus Victor Rask in RENO LIONS zone.
6:27 of 2nd period - Icing by J.T. Compher.
6:28 of 2nd period - William Karlsson wins face-off versus Victor Rask in LONG BEACH BARACUDAS zone.
6:45 of 2nd period - William Karlsson is hit by Robert Fabbri.
7:19 of 2nd period - Shot by Joshua Norris.
7:19 of 2nd period - Shot Misses the Net.
7:21 of 2nd period - Shot by Brock Nelson.
7:21 of 2nd period - Shot Blocked by Blake Coleman.
8:11 of 2nd period - Shot by J.T. Compher.
8:11 of 2nd period - Shot Blocked by Oliver Ekman-Larsson.
8:13 of 2nd period - Shot by Jake Gardiner.
8:13 of 2nd period - Shot Misses the Net.
9:22 of 2nd period - Shot by J.T. Compher.
9:22 of 2nd period - Shot Misses the Net.
10:15 of 2nd period - Derek Stepan is hit by Robert Hagg and loses puck.
11:08 of 2nd period - Shot by Pierre-Luc Dubois.
11:08 of 2nd period - Shot Misses the Net.
11:18 of 2nd period - Ethan Bear is hit by Derek Stepan and loses puck.
11:44 of 2nd period - Shot by Brock Nelson.
11:44 of 2nd period - Shot Blocked by Ethan Bear.
12:52 of 2nd period - Shot by Blake Coleman.
12:52 of 2nd period - Shot Blocked by Michael Del Zotto.
13:02 of 2nd period - Shot by Jaden Schwartz.
13:02 of 2nd period - Stopped by Elvis Merzlikins without a rebound.
13:03 of 2nd period - Leo Komarov wins face-off versus Joshua Norris in RENO LIONS zone.
13:14 of 2nd period - Shot by Leo Komarov.
13:14 of 2nd period - Stopped by Jake Oettinger with a rebound.
13:21 of 2nd period - Off-side.
13:22 of 2nd period - William Karlsson wins face-off versus Victor Rask in neutral zone.
13:35 of 2nd period - Shot by Kirill Kaprizov.
13:35 of 2nd period - Shot Blocked by Michael Del Zotto.
15:00 of 2nd period - Shot by Blake Coleman.
15:00 of 2nd period - Shot Misses the Net.
15:02 of 2nd period - Shot by Blake Coleman.
15:02 of 2nd period - Stopped by Jake Oettinger without a rebound.
15:03 of 2nd period - Tomas Nosek wins face-off versus Brock Nelson in LONG BEACH BARACUDAS zone.
15:22 of 2nd period - Evgeny Dadonov is hit by Robert Fabbri and loses puck.
16:07 of 2nd period - Shot by Derek Stepan.
16:07 of 2nd period - Shot Blocked by Juuso Valimaki.
16:46 of 2nd period - William Karlsson is hit by Trevor van Riemsdyk and loses puck.
17:17 of 2nd period - Shot by Cam Atkinson.
17:17 of 2nd period - Goal by Cam Atkinson - RENO LIONS : 2 - LONG BEACH BARACUDAS : 0.
17:18 of 2nd period - Leo Komarov wins face-off versus Brock Nelson in neutral zone.
17:45 of 2nd period - Shot by Vincent Hinostroza.
17:45 of 2nd period - Deflect By Leo Komarov.
17:45 of 2nd period - Stopped by Jake Oettinger without a rebound.
17:46 of 2nd period - Victor Rask wins face-off versus Elias Pettersson in LONG BEACH BARACUDAS zone.
18:13 of 2nd period - Shot by Victor Rask.
18:13 of 2nd period - Stopped by Elvis Merzlikins without a rebound.
18:14 of 2nd period - Joshua Norris wins face-off versus William Karlsson in RENO LIONS zone.
18:44 of 2nd period - Shot by Kirill Kaprizov.
18:44 of 2nd period - Shot Misses the Net.
19:16 of 2nd period - Shot by Elias Pettersson.
19:16 of 2nd period - Stopped by Jake Oettinger without a rebound.
19:17 of 2nd period - Brock Nelson wins face-off versus Tomas Nosek in LONG BEACH BARACUDAS zone.
19:19 of 2nd period - Icing by Taylor Hall.
19:20 of 2nd period - Elias Pettersson wins face-off versus Brock Nelson in LONG BEACH BARACUDAS zone.
19:35 of 2nd period - Shot by Robert Fabbri.
19:35 of 2nd period - Stopped by Elvis Merzlikins with a rebound.
19:48 of 2nd period - Blake Coleman is hit by Callan Foote and loses puck.
Goals for this period are 2 for RENO LIONS vs 0 for LONG BEACH BARACUDAS.
Shots for this period are 11 for RENO LIONS vs 3 for LONG BEACH BARACUDAS.

3rd period


0:01 of 3rd period - William Karlsson wins face-off versus Joshua Norris in neutral zone.
0:35 of 3rd period - Shot by Kirill Kaprizov.
0:35 of 3rd period - Stopped by Jake Oettinger without a rebound.
0:36 of 3rd period - Elias Pettersson wins face-off versus Brock Nelson in LONG BEACH BARACUDAS zone.
0:47 of 3rd period - Shot by Blake Coleman.
0:47 of 3rd period - Shot Misses the Net.
1:02 of 3rd period - Shot by Michael Del Zotto.
1:02 of 3rd period - Stopped by Elvis Merzlikins without a rebound.
1:03 of 3rd period - William Karlsson wins face-off versus Derek Stepan in RENO LIONS zone.
1:03 of 3rd period - Kirill Kaprizov is hit by J.T. Compher and loses puck.
1:36 of 3rd period - Shot by William Karlsson.
1:36 of 3rd period - Shot Misses the Net.
2:30 of 3rd period - Shot by Cam Atkinson.
2:30 of 3rd period - Shot Blocked by Alex Pietrangelo.
4:14 of 3rd period - Minor Penalty to Jake Gardiner for Interference.
4:15 of 3rd period - Elias Pettersson wins face-off versus Derek Stepan in LONG BEACH BARACUDAS zone.
4:18 of 3rd period - Shot by Cam Atkinson.
4:18 of 3rd period - Stopped by Jake Oettinger without a rebound.
4:19 of 3rd period - Elias Pettersson wins face-off versus Derek Stepan in LONG BEACH BARACUDAS zone.
5:19 of 3rd period - Icing by Juuso Valimaki.
5:20 of 3rd period - William Karlsson wins face-off versus Victor Rask in RENO LIONS zone.
5:41 of 3rd period - Shot by Anders Lee.
5:41 of 3rd period - Stopped by Jake Oettinger without a rebound.
5:42 of 3rd period - Elias Pettersson wins face-off versus Derek Stepan in LONG BEACH BARACUDAS zone.
5:47 of 3rd period - Shot by Cam Atkinson.
5:47 of 3rd period - Shot Misses the Net.
5:49 of 3rd period - Shot by Cam Atkinson.
5:49 of 3rd period - Shot Blocked by Trevor van Riemsdyk.
5:55 of 3rd period - Shot by Elias Pettersson.
5:55 of 3rd period - Shot Blocked by Alex Pietrangelo.
6:09 of 3rd period - Shot by Kirill Kaprizov.
6:09 of 3rd period - Shot Blocked by Alex Pietrangelo.
6:11 of 3rd period - Shot by Justin Schultz.
6:11 of 3rd period - Stopped by Jake Oettinger without a rebound.
6:12 of 3rd period - Victor Rask wins face-off versus Anders Lee in LONG BEACH BARACUDAS zone.
6:19 of 3rd period - Shot by Pierre-Luc Dubois.
6:19 of 3rd period - Stopped by Jake Oettinger without a rebound.
6:20 of 3rd period - Tomas Nosek wins face-off versus Joshua Norris in LONG BEACH BARACUDAS zone.
6:24 of 3rd period - Minor Penalty to Michael Del Zotto for Interference.
6:24 of 3rd period - Minor Penalty to Evgeny Dadonov for Holding.
6:25 of 3rd period - Max Domi wins face-off versus Pierre-Luc Dubois in LONG BEACH BARACUDAS zone.
6:51 of 3rd period - Icing by J.T. Compher.
6:52 of 3rd period - Max Domi wins face-off versus Pierre-Luc Dubois in LONG BEACH BARACUDAS zone.
6:52 of 3rd period - Max Domi is hit by Kirill Kaprizov.
7:38 of 3rd period - Shot by Justin Schultz.
7:38 of 3rd period - Shot Misses the Net.
7:40 of 3rd period - Shot by Ethan Bear.
7:40 of 3rd period - Stopped by Jake Oettinger without a rebound.
7:41 of 3rd period - Victor Rask wins face-off versus Cam Atkinson in LONG BEACH BARACUDAS zone.
7:46 of 3rd period - Justin Schultz is hit by Alexandre Texier and loses puck.
8:16 of 3rd period - Shot by Alexandre Texier.
8:16 of 3rd period - Shot Misses the Net.
9:00 of 3rd period - Icing by Jakub Voracek.
9:01 of 3rd period - Evgeny Dadonov wins face-off versus Joshua Norris in LONG BEACH BARACUDAS zone.
9:28 of 3rd period - Icing by Robert Hagg.
9:29 of 3rd period - Tomas Nosek wins face-off versus Brock Nelson in RENO LIONS zone.
9:33 of 3rd period - Alex Pietrangelo is hit by Robert Hagg and loses puck.
9:46 of 3rd period - Shot by Pierre-Luc Dubois.
9:46 of 3rd period - Stopped by Jake Oettinger without a rebound.
9:47 of 3rd period - William Karlsson wins face-off versus Derek Stepan in LONG BEACH BARACUDAS zone.
9:58 of 3rd period - Shot by J.T. Compher.
9:58 of 3rd period - Shot Misses the Net.
10:59 of 3rd period - Shot by Robert Fabbri.
10:59 of 3rd period - Stopped by Elvis Merzlikins with a rebound.
11:17 of 3rd period - Taylor Hall is hit by Anders Lee.
11:21 of 3rd period - Shot by Brock Nelson.
11:21 of 3rd period - Goal by Brock Nelson - RENO LIONS : 2 - LONG BEACH BARACUDAS : 1.
11:22 of 3rd period - Joshua Norris wins face-off versus Elias Pettersson in neutral zone.
12:27 of 3rd period - Shot by J.T. Compher.
12:27 of 3rd period - Stopped by Elvis Merzlikins without a rebound.
12:28 of 3rd period - Brock Nelson wins face-off versus Tomas Nosek in RENO LIONS zone.
12:28 of 3rd period - Brock Nelson is hit by Robert Hagg.
12:34 of 3rd period - Shot by Alex Pietrangelo.
12:34 of 3rd period - Stopped by Elvis Merzlikins without a rebound.
12:35 of 3rd period - Tomas Nosek wins face-off versus Brock Nelson in RENO LIONS zone.
13:14 of 3rd period - Shot by Brock Nelson.
13:14 of 3rd period - Shot Blocked by Juuso Valimaki.
13:44 of 3rd period - Shot by Joshua Norris.
13:44 of 3rd period - Shot Blocked by Justin Schultz.
13:57 of 3rd period - Shot by Jakub Voracek.
13:57 of 3rd period - Shot Hit the Post.
13:59 of 3rd period - Shot by Joshua Norris.
13:59 of 3rd period - Shot Misses the Net.
14:54 of 3rd period - Double Minor Penalty to Callan Foote for Roughing.
14:55 of 3rd period - Victor Rask wins face-off versus Elias Pettersson in LONG BEACH BARACUDAS zone.
16:11 of 3rd period - William Karlsson is hit by Michael Del Zotto and loses puck.
16:52 of 3rd period - Shot by Cam Atkinson.
16:52 of 3rd period - Goal by Cam Atkinson - RENO LIONS : 3 - LONG BEACH BARACUDAS : 1.
16:53 of 3rd period - Derek Stepan wins face-off versus William Karlsson in neutral zone.
16:59 of 3rd period - Icing by Jacob Trouba.
17:00 of 3rd period - Derek Stepan wins face-off versus William Karlsson in RENO LIONS zone.
17:40 of 3rd period - J.T. Compher is hit by Cam Atkinson and loses puck.
18:45 of 3rd period - Shot by Kirill Kaprizov.
18:45 of 3rd period - Goal by Kirill Kaprizov - RENO LIONS : 4 - LONG BEACH BARACUDAS : 1.
18:46 of 3rd period - Brock Nelson wins face-off versus Tomas Nosek in neutral zone.
18:56 of 3rd period - Icing by Robert Hagg.
18:57 of 3rd period - Joshua Norris wins face-off versus Tomas Nosek in RENO LIONS zone.
18:58 of 3rd period - Shot by Jakub Voracek.
18:58 of 3rd period - Stopped by Elvis Merzlikins without a rebound.
18:59 of 3rd period - Brock Nelson wins face-off versus Evgeny Dadonov in RENO LIONS zone.
19:00 of 3rd period - Shot by Robert Fabbri.
19:00 of 3rd period - Stopped by Elvis Merzlikins without a rebound.
19:01 of 3rd period - Brock Nelson wins face-off versus Tomas Nosek in RENO LIONS zone.
19:06 of 3rd period - Shot by Robert Fabbri.
19:06 of 3rd period - Stopped by Elvis Merzlikins without a rebound.
19:07 of 3rd period - Brock Nelson wins face-off versus Tomas Nosek in RENO LIONS zone.
Goals for this period are 2 for RENO LIONS vs 1 for LONG BEACH BARACUDAS.
Shots for this period are 9 for RENO LIONS vs 8 for LONG BEACH BARACUDAS.


NATHAN
MACKINNON
PHILLIP
DANAULT
CONNOR
MCDAVID

EAST COAST

HOCKEY LEAGUE

  • 25.QUE4CHI5
  • 26.CHA2LIM3
  • 27.TRV2LON3
  • 28.CHW4BAL2
  • 29.PITMAN
  • 30.ATLNHW
  • 31.WORPET
  • 32.RHI